 Dungeon Crawl Stone Soup version 0.23.1-37-gaa34b87b72 (webtiles) character file.

Game seed: 14913490067653903138

44 GGGomer the Conjurer (level 3, -1/26 HPs)
             Began as a Draconian Conjurer on Mar 21, 2019.
             Killed from afar by Natasha (8 damage)
             ... with a magic dart
             ... on level 2 of the Dungeon.
             The game lasted 00:06:00 (2101 turns).

GGGomer the Conjurer (Draconian Conjurer)           Turns: 2101, Time: 00:06:01

Health: -1/26      AC:  5    Str: 10    XL:     3   Next: 39%
Magic:  3/6        EV: 12    Int: 16    God:
Gold:   98         SH:  0    Dex: 11    Spells: 2/6 levels left

rFire    . . .     SeeInvis .   o - +0 rapier
rCold    . . .     Gourm    .   (no shield)
rNeg     . . .     Faith    .   (armour unavailable)
rPois    .         Spirit   .   (helmet restricted)
rElec    .         Reflect  .   (no cloak)
rCorr    .         Harm     .   (no gloves)
MR       .....                  (no boots)
Stlth    ++........             (no amulet)
HPRegen  0.08/turn              (no ring)
MPRegen  0.10/turn              (no ring)

@: no status effects
A: unfitting armour, cold-blooded, AC +5
a: no special abilities


You were on level 2 of the Dungeon.
You were hungry.

You visited 1 branch of the dungeon, and saw 2 of its levels.

You collected 98 gold pieces.

Inventory:

Hand Weapons
 c - a +0 short sword
 i - a +0 hand axe
 o - a +0 rapier (weapon)
Missiles
 h - 30 stones (quivered)
 k - 6 tomahawks
 p - 17 sling bullets
Scrolls
 a - a scroll of enchant weapon {unknown}
 g - 2 scrolls of teleportation {unknown}
 j - a scroll of noise {unknown}
 m - a scroll of identify {unknown}
 q - a scroll of remove curse {unknown}
Potions
 b - a potion of invisibility {unknown}
 d - a potion of curing {unknown}
 e - a potion of degeneration {unknown}
 f - a potion of agility {unknown}
Comestibles
 l - a ration
 n - 2 chunks of flesh


   Skills:
 + Level 1.9 Dodging
 + Level 1.8 Stealth
 + Level 2.2 Spellcasting
 + Level 5.0 Conjurations


You had 2 spell levels left.
You knew the following spells:

 Your Spells              Type           Power        Failure   Level  Hunger
a - Magic Dart            Conj           ###.         2%          1    #......
b - Dazzling Spray        Conj/Hex       #.....       22%         3    ###....

Your spell library contained the following spells:

 Spells                   Type           Power        Failure   Level  Hunger
 Searing Ray              Conj           ###...       4%          2    ###....
 Iskenderun's Mystic Bla  Conj           ###.....     26%         4    #####..
 Force Lance              Conj/Tloc      #.......     58%         4    #####..
 Fulminant Prism          Conj/Hex       #.........   58%         4    #####..


Dungeon Overview and Level Annotations

Branches:
Dungeon (2/15)

Altars:

Annotations:
D:2 Natasha


Innate Abilities, Weirdness & Mutations

Your plain brown scales are hard. (AC +5)
You cannot fit into any form of body armour.
You are cold-blooded and may be slowed by cold attacks.


Message History

The magic dart hits you.
You are feeling hungry.
Casting: Magic Dart (safe; 2% risk of failure)
Confirm with . or Enter, or press ? or * to list all spells.
Aiming: Dazzling Spray (safe; 22% risk of failure)
Press: ? - help, Shift-Dir - straight line
Okay, then.
Natasha wildly gestures.
You feel troubled. Natasha claws you!
* * * LOW HITPOINT WARNING * * *
Casting: Dazzling Spray (safe; 22% risk of failure)
Confirm with . or Enter, or press ? or * to list all spells.
Aiming: Dazzling Spray (safe; 22% risk of failure)
Press: ? - help, Shift-Dir - straight line, f - shadow imp
Aim: a shadow imp (summoned)
Okay, then.
Natasha stares at you and mumbles some strange words.
The magic dart hits you!
You die...

#5#### #..55# ###
####.# ..# #.# #.#
#.##### #.#
#.5.5.# #.#
#####h# #.######
#.# ####......#
#@#### #......##.#
#....###.####.##.#
##............##.#
#)........รท.....#
#...........#####
#...........#
#...........#####
######.#####.....
#.# #.####


You could see Natasha and a shadow imp.

Vanquished Creatures
  An adder (D:2)
  2 dart slugs (D:1)
  4 bats
  A giant cockroach (D:1)
  4 goblins
  6 hobgoblins
  7 kobolds
  3 frilled lizards
  A rat (D:2)
29 creatures vanquished.

Notes
Turn   | Place    | Note
-------+----------+-------------------------------------------
     0 | D:1      | GGGomer the Draconian Conjurer began the quest for the Orb.
     0 | D:1      | Reached XP level 1. HP: 14/14 MP: 3/3
   310 | D:1      | Reached XP level 2. HP: 20/20 MP: 0/5
  1685 | D:2      | Reached XP level 3. HP: 26/26 MP: 4/6
  1756 | D:2      | Learned a level 3 spell: Dazzling Spray
  1941 | D:2      | Reached skill level 5 in Conjurations
  2074 | D:2      | Noticed Natasha
  2101 | D:2      | Killed from afar by Natasha

Skill      XL: |  1  2  3 |
---------------+----------+-----
Conjurations   | 5 |  5.0
Dodging        | |  1.9
Stealth        | |  1.8
Spellcasting   | |  2.2

Action                   || total
-------------------------++-------
Melee: Short sword       ||    17
       Tailslap          ||     1
       Rapier            ||     2
 Cast: Magic Dart        ||    68
       Dazzling Spray    ||     1
  Eat: Ration            ||     1
       Chunk             ||     1
Armor: Skin              ||     7
Dodge: Dodged            ||    26
